Map: Acid Plant LE

Players

Wardi

  • Race: Terran Terran
  • Spawn Location: 11:00

HellraiseR - Winner!

  • Race: Protoss Protoss
  • Spawn Location: 5:00

Event: WCS Valencia 2018

VOD

Have the link to the VOD?

Description

Time

  • Played on: July 12, 2018, 6:24 a.m.
  • Length: 8:41

All games in this series

Show
View Real Time Build Order
Export as new Build Order

Wardi Terran 

Build Orders: MMM Bio 

Get SALT Encoding   

  12  0:00  SCV  
  13  0:12  SCV  
  14  0:17  Supply Depot  
  14  0:24  SCV  
  15  0:31  Refinery  
  15  0:38  SCV  
  16  0:46  Barracks  
  16  0:50  SCV  
  17  1:02  SCV  
  18  1:15  SCV  
  19  1:27  SCV  
  20  1:39  Reaper  
  21  1:40  Orbital Command  
  21  1:53  Command Center  
  21  2:07  Factory, SCV  
  22  2:11  Barracks Reactor  
  22  2:17  Supply Depot  
  22  2:21  SCV  
  23  2:25  Refinery  
  23  2:39  SCV  
  23  2:55  SCV  
  24  3:00  Hellion x2  
  24  3:01  Barracks Tech Lab  
  28  3:07  Orbital Command  
  28  3:09  SCV  
  29  3:16  Barracks  
  29  3:17  Barracks  
  29  3:21  Cyclone  
  29  3:25  Cyclone  
  33  3:45  Marine  
  33  3:48  Stimpack  
  28  4:11  SCV  
  28  4:13  SCV  
  30  4:17  Barracks Tech Lab  
  30  4:18  Marauder  
  30  4:22  Factory Tech Lab  
  30  4:23  SCV  
  33  4:25  SCV  
  33  4:26  Engineering Bay  
  34  4:35  SCV, Marine x2  
  34  4:36  Combat Shields  
  34  4:37  SCV, Marauder  
  38  4:48  SCV, Marauder  
  38  4:49  SCV  
  38  4:50  Siege Tank  
  45  4:53  Missile Turret  
  45  4:59  Missile Turret  
  45  5:00  Marine  
  45  5:04  Supply Depot  
  46  5:10  Terran Infantry Weapons Level 1  
  46  5:21  Supply Depot  
  46  5:25  Marine x3  
  46  5:26  SCV x2  
  46  5:27  Supply Depot  
  51  5:32  Marine  
  52  5:38  SCV  
  53  5:43  Siege Tank, Marine  
  53  5:47  SCV, Marauder x2  
  62  5:50  SCV  
  62  5:52  Supply Depot  
  62  5:54  Supply Depot  
  63  5:59  Starport  
  63  6:10  Marine x2, Marauder x2  
  69  6:13  SCV, Concussive Shells  
  69  6:14  SCV  
  69  6:17  Refinery  
  71  6:25  SCV  
  71  6:26  SCV  
  71  6:27  Supply Depot  
  71  6:28  Supply Depot  
  73  6:38  Marine x2  
  73  6:39  Marauder x2  
  79  6:40  Starport Reactor  
  79  6:42  SCV  
  77  6:51  SCV  
  75  6:54  SCV  
  75  6:58  Barracks  
  75  7:01  Barracks  
  76  7:02  Marine x2  
  76  7:03  SCV  
  76  7:07  SCV  
  80  7:15  Marine  
  80  7:16  Marine, Siege Tank  
  80  7:17  Medivac  
  80  7:19  Medivac  
  80  7:21  SCV  
  90  7:23  SCV  
  91  7:31  Supply Depot  
  91  7:34  Supply Depot, Marauder  
  93  7:37  Marine  
  93  7:38  Marine, Marauder  
  97  8:03  Siege Tank, Marine x3, Marauder  
  97  8:04  Medivac x2  
Show
View Real Time Build Order
Export as new Build Order

HellraiseR Protoss - Winner!

Build Orders: 1 Gate Expand, Oracle Opening 

Get SALT Encoding   

  12  0:00  Probe  
  13  0:12  Probe  
  14  0:17  Pylon  
  14  0:22  Probe  
  15  0:31  Probe  
  16  0:38  Gateway  
  16  0:39  Probe  
  16  0:47  Assimilator  
  17  0:51  Probe  
  18  1:03  Probe  
  19  1:21  Nexus  
  19  1:24  Probe  
  20  1:33  Cybernetics Core  
  20  1:36  Probe  
  21  1:41  Assimilator  
  21  1:48  Probe  
  21  1:52  Pylon  
  22  1:59  Probe  
  23  2:01  Adept  
  23  2:08  Probe  
  26  2:16  Probe  
  26  2:22  Stargate  
  27  2:27  Probe  
  27  2:28  Adept  
  27  2:29  Probe  
  31  2:39  Warp Gate, Probe x2  
  33  2:50  Probe  
  33  2:51  Probe  
  35  2:55  Oracle  
  35  3:02  Probe  
  35  3:03  Probe  
  40  3:14  Probe, Pylon  
  40  3:15  Probe  
  42  3:24  Gateway  
  42  3:25  Gateway  
  42  3:26  Probe  
  43  3:29  Probe  
  43  3:33  Oracle  
  44  3:38  Probe  
  44  3:41  Probe  
  46  3:46  Pylon  
  49  3:50  Probe  
  49  3:53  Probe  
  49  4:03  Probe  
  49  4:05  Probe  
  49  4:12  Assimilator  
  49  4:15  Probe, Phoenix  
  52  4:17  Assimilator, Probe  
  52  4:22  Nexus  
  52  4:23  Pylon  
  53  4:27  Probe  
  53  4:29  Probe  
  55  4:36  Twilight Council, Forge  
  55  4:39  Probe  
  55  4:41  Protoss Ground Weapons Level 1  
  55  4:43  Blink, Stalker x3  
  62  4:56  Gateway  
  62  4:57  Gateway  
  62  4:58  Gateway  
  62  5:03  Pylon  
  62  5:04  Pylon  
  62  5:15  Sentry  
  62  5:17  Shield Battery  
  62  5:19  Stalker  
  66  5:23  Stalker  
  66  5:28  Probe x2  
  70  5:36  Probe  
  70  5:40  Stalker, Probe  
  75  5:43  Stalker  
  75  5:46  Stalker  
  80  5:52  Pylon  
  80  5:53  Stalker x2  
  80  5:55  Stalker  
  84  6:06  Stalker x2  
  84  6:07  Probe x2  
  84  6:09  Stalker  
  92  6:14  Probe  
  92  6:17  Pylon  
  93  6:19  Robotics Facility  
  93  6:21  Probe  
  93  6:22  Probe  
  95  6:26  Probe, Charge  
  96  6:33  Probe  
  96  6:34  Probe  
  96  6:38  Protoss Ground Armor Level 1, Probe  
  99  6:45  Probe  
  100  6:48  Probe  
  102  6:55  Stalker x4  
  102  6:56  Stalker  
  102  6:58  Zealot  
  114  7:02  Pylon  
  114  7:03  Pylon  
  114  7:05  Gateway x2  
  114  7:10  Immortal  
  117  7:18  Pylon  
  117  7:20  Sentry  
  117  7:21  Zealot x2, Pylon  
  123  7:23  Zealot  
  123  7:26  Zealot x2  
  129  7:35  Assimilator  
  129  7:36  Probe  
  130  7:39  Assimilator  
  130  7:43  Immortal  
  130  7:48  Zealot x6  
  146  7:58  Pylon  
  146  8:01  Pylon  
  146  8:19  Zealot x6  
  152  8:29  Zealot x2  
Tags
 
Add a new tag
Caveats
  • Supply blocks, unpowered buildings, or Contaminate may cause inaccurate times.
  • Supply counts are checked every 10 seconds.